 Dungeon Sprint DCSS version 0.17-a0-1636-g3119f2b (webtiles) character file.

452 Ajdolov the Grappler (level 6, -1/68 HPs)
             Began as a Troll Monk on Aug 5, 2015.
             Was a Believer of Jiyva.
             Slain by a centaur warrior (11 damage)
             ... in the Dungeon (Sprint I: "Red Sonja").
             The game lasted 00:01:11 (247 turns).

Ajdolov the Grappler (Troll Monk)                    Turns: 247, Time: 00:01:11

Health: -1/68      AC:  5    Str: 20    XL:     6   Next: 75%
Magic:  5/5        EV: 13    Int:  6    God:    Jiyva [**....]
Gold:   171        SH:  0    Dex: 14    Spells: 0 memorised, 5 levels left

rFire  . . .     SeeInvis .       - Unarmed
rCold  . . .     Clarity  .     a - +0 robe
rNeg   . . .     SustAt   .     (no shield)
rPois  .         Gourm    +     (helmet restricted)
rElec  .         Spirit   .     (no cloak)
rCorr  .         Warding  .     (gloves unavailable)
rMut   .         NoTele   +     (boots unavailable)
MR     .....                    (no amulet)
Stlth  ++........               (no ring)
                                (no ring)

@: not resistant to hostile enchantments, unstealthy
A: unfitting armour, claws 3, fast metabolism 3, gourmand, regeneration 2,
shaggy fur 1, tough skin 2
a: Request Jelly, Jelly Paralyse, Renounce Religion


You were in the Dungeon.
You worshipped Jiyva.
Jiyva was pleased with you.
You were not hungry.

You visited 1 branch You collected 171 gold pieces.

Inventory:

Armour
 a - a +0 robe (worn)
Scrolls
 h - a scroll of blinking
Potions
 e - a potion of haste
 f - 2 potions of magic
 g - a potion of berserk rage
Comestibles
 b - 2 bread rations


   Skills:
 + Level 6.3 Fighting
 + Level 6.3 Dodging
 + Level 1.5 Stealth
 + Level 11.2 Unarmed Combat


You had 5 spell levels left.
You didn't know any spells.

Dungeon Overview and Level Annotations

Branches:
Dungeon (1/1)

Altars:
Cheibriados
Dithmenos
Fedhas
Sif Muna
Vehumet
Jiyva


Innate Abilities, Weirdness & Mutations

You are too large for most types of armour.
You have claws for hands.
Your metabolism is lightning-fast.
You like to eat raw meat.
You heal very quickly.
You are covered in fur (AC +1).
You have very tough skin (AC +2).


Message History

The centaur warrior hits you.
The centaur warrior shoots an arrow.
The arrow hits you!!
You hear a splash.
Unknown command.
The centaur warrior hits you!
The centaur warrior unwields an uncursed shortbow.
The centaur warrior closely misses you. The centaur warrior misses you.
Unknown command.
You claw the centaur warrior!
The centaur warrior is moderately wounded.
The centaur warrior hits you!
* * * LOW HITPOINT WARNING * * *
The centaur warrior hits you!
* * * LOW HITPOINT WARNING * * *
Unknown command.
Drink which item? (? for menu, Esc to quit)
You feel much better. The centaur warrior hits you!
* * * LOW HITPOINT WARNING * * *
The centaur warrior hits you!
You die...

################
#..').#..'..#__#
').#..').#..'..+
#####'#####'#__####
# #..# #(####§§# #
#### ##.#§§§c§# #
#+#..§§§§@§+ #
+..._#§§§§c# #
#_.#+##+#### ##+#


You could see 2 centaur warriors.

Vanquished Creatures
  A slime creature (D)
  Sigmund (D)
  An ogre (D)
  Ijyb (D)
4 creatures vanquished.

Vanquished Creatures (others)
  A jelly (D)
1 creature vanquished.

Grand Total: 5 creatures vanquished

Notes
Turn   | Place    | Note
--------------------------------------------------------------
     0 | D        | Ajdolov the Troll Monk began the quest for the Orb.
     0 | D        | Reached XP level 1. HP: 22/22 MP: 0/0
     1 | D        | Noticed Ijyb
    10 | D        | Killed Ijyb
    10 | D        | Reached skill level 6 in Unarmed Combat
    10 | D        | Reached XP level 2. HP: 17/31 MP: 1/1
    58 | D        | Noticed an ogre
    64 | D        | Killed an ogre
    64 | D        | Reached skill level 7 in Unarmed Combat
    64 | D        | Reached XP level 3. HP: 26/40 MP: 2/2
    64 | D        | Reached XP level 4. HP: 31/49 MP: 3/3
   105 | D        | Noticed Sigmund
   113 | D        | Killed Sigmund
   113 | D        | Reached skill level 5 in Fighting
   113 | D        | Reached skill level 5 in Dodging
   113 | D        | Reached skill level 10 in Unarmed Combat
   113 | D        | Reached XP level 5. HP: 53/57 MP: 4/4
   113 | D        | Reached XP level 6. HP: 61/66 MP: 5/5
   127 | D        | Found a snail-covered altar of Cheibriados.
   127 | D        | Found a viscous altar of Jiyva.
   127 | D        | Found a shadowy altar of Dithmenos.
   127 | D        | Found a blossoming altar of Fedhas.
   127 | D        | Noticed a slime creature
   139 | D        | Killed a slime creature
   139 | D        | Reached skill level 11 in Unarmed Combat
   223 | D        | Became a worshipper of Jiyva Jekusmua the Shapeless
   223 | D        | Acquired Jiyva's first power
   223 | D        | Acquired Jiyva's second power
   227 | D        | Found a deep blue altar of Sif Muna.
   228 | D        | Noticed a jelly
   229 | D        | Found a radiant altar of Vehumet.
   235 | D        | Noticed a centaur warrior
   235 | D        | Noticed a centaur warrior
   242 | D        | Killed a jelly
   246 | D        | HP: 2/68 [centaur warrior (11)]
   247 | D        | Slain by a centaur warrior

Vault maps used:
D:        dungeon_sprint_1

Action                   |  1- 3 |  4- 6 || total
-------------------------+-------+-------++-------
Melee: Unarmed           |    13 |    17 ||    30
  Use: Potion            |     1 |     1 ||     2
